AoeStats
← Dieu Tan

Arabia

509364709Analyzed
1v1 RM · 4d ago on Sep 26, 2026· 35m 50s· 2 players
Game mode
Random Map
Map size
Tiny (2 player)
Population
200
Speed
Normal
Resources
Standard
Victory
Conquest
Starting age
Dark Age
Ending age
Imperial Age
RankedLock teamsTeams togetherTeam positionsShared explorationLock speedFull tech treeHidden civsTurbo modeCheats
Victory
Defeat
🇺🇸 Inca · United States
1623
+13
🇳🇱 Britons · Netherlands
1557
-13
Dench
5:50 Loom
8:52 Feudal Age
9:26 Double-Bit Axe
12:09 Fletching
15:04 Padded Archer Armor
21:21 Castle Age
20:43 Gold Mining
21:23 Horse Collar
21:58 Bodkin Arrow
21:26 Crossbowman
22:29 Bow Saw
30:46 Ballistics
33:17 Wheelbarrow
38:34 Imperial Age
Dieu Tan
6:28 Loom
9:20 Feudal Age
10:14 Horse Collar
10:21 Double-Bit Axe
10:30 Double-Bit Axe
11:32 Champi Runner
18:28 Scale Mail Armor
21:14 Wheelbarrow
23:59 Castle Age
22:37 Fletching
22:58 Forging
23:07 Arson
24:48 Squires
24:51 Champi Warrior
26:35 Chain Mail Armor
32:00 Iron Casting
Connection lost

Rejoining the realm…

Still unreachable

The connection could not be restored.

Session expired

The server has moved on; the page needs a fresh start.